 Dungeon Crawl Stone Soup version 0.22.0-21-g8bd1b0a (webtiles) character file.

49 Doobh the Magician (level 3, -1/28 HPs)
             Began as a Draconian Wizard on Aug 10, 2018.
             Killed from afar by Jessica (7 damage)
             ... with a wand of flame (20)
             ... on level 2 of the Dungeon on Aug 19, 2018.
             The game lasted 00:16:43 (1854 turns).

Doobh the Magician (Draconian Wizard)               Turns: 1854, Time: 00:16:44

Health: -1/28      AC:  5    Str:  9    XL:     3   Next: 53%
Magic:  4/7        EV: 12    Int: 19    God:
Gold:   42         SH:  0    Dex:  9    Spells: 5/8 levels left

rFire    . . .     SeeInvis .   e - +0 club
rCold    . . .     Gourm    .   (no shield)
rNeg     . . .     Faith    .   (armour unavailable)
rPois    .         Spirit   .   a - +0 hat
rElec    .         Reflect  .   (no cloak)
rCorr    .         Harm     .   (no gloves)
MR       .....                  (no boots)
Stlth    ++........             (no amulet)
HPRegen  0.09/turn              (no ring)
MPRegen  0.10/turn              (no ring)

@: lethally poisoned (-1 -> -2), very slightly contaminated, slowed, very slow
A: unfitting armour, cold-blooded, AC +5
a: no special abilities


You were on level 2 of the Dungeon.
You were not hungry.

You visited 1 branch of the dungeon, and saw 2 of its levels.

You collected 42 gold pieces.

Inventory:

Hand Weapons
 e - a +0 club (weapon)
Missiles
 k - 11 stones (quivered)
Armour
 a - a +0 hat (worn)
 j - a +0 robe
Scrolls
 g - 2 scrolls of remove curse {unknown}
 i - a scroll of random uselessness {unknown}
 l - 2 scrolls of identify {unknown}
 n - 2 scrolls of teleportation {unknown}
Potions
 b - 2 potions of agility {unknown}
 d - 2 potions of curing {unknown}
 h - a potion of might {unknown}
 m - a potion of magic {unknown}
Comestibles
 c - 2 rations
 f - a chunk of flesh


   Skills:
 + Level 1.0 Fighting
 * Level 2.3 Dodging
 + Level 2.1 Stealth
 * Level 3.4 Spellcasting
 + Level 1.7 Conjurations
   Level 1.0 Summonings
 - Level 1.0 Translocations


You had 5 spell levels left.
You knew the following spells:

 Your Spells              Type           Power        Failure   Level  Hunger
a - Magic Dart            Conj           #...         8%          1    None
b - Blink                 Tloc           N/A          14%         2    ##.....

Your spell library contained the following spells:

 Spells                   Type           Power        Failure   Level  Hunger
 Call Imp                 Summ           #.......     14%         2    ##.....
 Slow                     Hex            #.......     22%         2    ##.....
 Conjure Flame            Conj/Fire      #.......     30%         3    ###....
 Mephitic Cloud           Conj/Pois/Air  #.......     34%         3    ###....


Dungeon Overview and Level Annotations

Branches:
Dungeon (2/15)

Altars:

Annotations:
D:2 Jessica


Innate Abilities, Weirdness & Mutations

Your plain brown scales are hard. (AC +5)
You cannot fit into any form of body armour.
You are cold-blooded and may be slowed by cold attacks.


Message History

The adder barely misses you. The adder bites you.
You are poisoned.
The adder poisons you!
You feel sick. The adder barely misses you.
Jessica gestures wildly while chanting.
Jessica blinks!
The adder closely misses you.
You feel sick.
Jessica points at you and mumbles some strange words.
Pain shoots through your body! The adder closely misses you.
Jessica zaps a wand.
The puff of flame hits you!
* * * LOW HITPOINT WARNING * * *
The adder bites you.
* * * LOW HITPOINT WARNING * * *
Jessica barely misses you. Jessica closely misses you.
The adder barely misses you. Jessica hits you but does no damage.
You feel sick.
Jessica zaps a wand.
The puff of flame hits you!
You die...

#......# #...#?...>. #......#
###...#...... #......#
##.....#...... #......#
#............. ##......###
#######..#.......... #..####...##
#..........##...@... #..# #.....#
#..........##.#..#..
#..###.#.#.###...S..รท...##.##.#
. #..##..#.#..###.@@..#.####.# .#
#.....##.##.....##..#..##..# ..
#.#.####.###...###..##.##.## .#.
.......#.....#.# ...##....#.....#
.......##..###...##.####........#
...........# #...##.# #..#.....#
........#.## ....##.# #.#......#
...##....## ...## ## ....<....#
...###...# ...# #..........


You could see an adder and Jessica.

Vanquished Creatures
  9 bats
  4 giant cockroaches
  3 goblins
  6 hobgoblins
  7 jackals (D:1)
  2 kobolds (D:1)
  2 ball pythons (D:1)
  2 frilled lizards
  12 rats
47 creatures vanquished.

Notes
Turn   | Place    | Note
-------+----------+-------------------------------------------
     0 | D:1      | Doobh the Draconian Wizard began the quest for the Orb.
     0 | D:1      | Reached XP level 1. HP: 14/14 MP: 4/4
   392 | D:1      | Reached XP level 2. HP: 20/20 MP: 3/6
   428 | D:1      | Upgraded the game from 0.22.0 to 0.22.0-18-ge075c0d
   924 | D:1      | Upgraded the game from 0.22.0-18-ge075c0d to 0.22.0-21-g8bd1b0a
   927 | D:1      | Learned a level 2 spell: Blink
  1015 | D:1      | Reached XP level 3. HP: 27/27 MP: 4/7
  1752 | D:2      | Reached skill level 1 in Fighting
  1842 | D:2      | Noticed Jessica
  1854 | D:2      | Killed from afar by Jessica

Skill      XL: |  1  2  3 |
---------------+----------+-----
Dodging        | 2 |  2.3
Stealth        | 2 |  2.1
Fighting       | 1 |  1.0
Spellcasting   | |  3.4
Conjurations   | |  1.7
Summonings     | |  1.0
Translocations | |  1.0

Action                   || total
-------------------------++-------
Melee: Unarmed           ||    28
       Tailslap          ||     6
       Club              ||    90
 Cast: Magic Dart        ||    85
 Stab: Sleeping          ||     2
  Eat: Chunk             ||     3
Armor: Skin              ||    65
Dodge: Dodged            ||   133
